AoeStats
← Pol Pot·波尔布特

Coastal Forest

510330232Analyzed
4v4 RM · 3d ago on Sep 30, 2026· 29m 35s· 8 players
Game mode
Random Map
Map size
Large (8 player)
Population
200
Speed
Normal
Resources
Standard
Victory
Conquest
Starting age
Dark Age
Ending age
Imperial Age
RankedLock teamsTeams togetherTeam positionsShared explorationLock speedFull tech treeHidden civsTurbo modeCheats
Victory
Defeat
🇦🇷 Britons · Argentina
1319
+15
🇫🇷 Malians · France
1312
+15
🇫🇮 Byzantines · Finland
1310
+15
🇦🇷 Gurjaras · Argentina
1304
+15
1324
-16
🇸🇪 Vietnamese · Sweden
1322
-16
🇨🇳 Franks · China
1315
-16
🇸🇪 Franks · Sweden
1206
-12
Maxmax
10:31 Feudal Age
8:52 Loom
11:08 Double-Bit Axe
13:23 Fletching
20:02 Castle Age
18:30 Horse Collar
21:56 Bloodlines
21:47 Husbandry
21:51 Gold Mining
22:47 Scale Barding Armor
22:52 Forging
26:43 Chain Barding Armor
28:58 Wheelbarrow
29:51 Iron Casting
TanjiroK
6:39 Loom
9:24 Feudal Age
11:46 Fletching
12:33 Padded Archer Armor
13:18 Horse Collar
19:08 Wheelbarrow
19:40 Town Watch
23:08 Castle Age
21:28 Double-Bit Axe
23:14 Crossbowman
23:52 Bodkin Arrow
26:26 Ballistics
29:41 Leather Archer Armor
Agua Mineral
11:03 Feudal Age
11:28 Loom
11:42 Double-Bit Axe
11:40 Horse Collar
12:37 Bloodlines
20:04 Forging
20:34 Scale Barding Armor
23:03 Wheelbarrow
23:53 Gold Mining
27:19 Castle Age
28:52 Iron Casting
28:38 Chain Barding Armor
28:22 Husbandry
29:29 Chain Barding Armor
30:05 Heavy Plow
30:16 Bow Saw
engarvi
3:37 Loom
12:57 Feudal Age
13:52 Double-Bit Axe
16:30 Fletching
18:23 Horse Collar
27:57 Castle Age
26:44 Stone Mining
28:47 Bodkin Arrow
28:15 Crossbowman
29:20 Bow Saw
29:24 Guard Tower
DaniwA
2:57 Loom
9:41 Feudal Age
12:11 Double-Bit Axe
14:07 Fletching
17:09 Padded Archer Armor
26:29 Castle Age
26:47 Horse Collar
26:30 Crossbowman
27:06 Bodkin Arrow
Stockholm
11:19 Feudal Age
16:12 Castle Age
17:38 Scale Barding Armor
23:20 Chain Barding Armor
25:49 Loom
27:13 Gold Mining
羊了个羊
9:16 Loom
11:26 Feudal Age
16:44 Castle Age
14:48 Double-Bit Axe
21:23 Scale Barding Armor
22:30 Bow Saw
24:04 Forging
24:46 Husbandry
27:25 Chain Barding Armor
Pol Pot·波尔布特
8:26 Loom
12:02 Feudal Age
13:01 Double-Bit Axe
14:32 Horse Collar
16:05 Bloodlines
16:05 Scale Barding Armor
21:53 Forging
27:41 Wheelbarrow
Connection lost

Rejoining the realm…

Still unreachable

The connection could not be restored.

Session expired

The server has moved on; the page needs a fresh start.